 Dungeon Crawl Stone Soup version 0.27.1-34-g3ba077fa99 (webtiles) character file.

Game seed: 15203270436383329380

64 lonewolfV2 the Poker (level 3, -1/28 HPs)
             Began as a Demonspawn Gladiator on Jan 6, 2022.
             Slain by a goblin (5 damage)
             ... led by Robin
             ... on level 2 of the Dungeon.
             The game lasted 00:03:25 (1994 turns).

lonewolfV2 the Poker (Demonspawn Gladiator)         Turns: 1994, Time: 00:03:25

Health: -1/28      AC:  3    Str: 15    XL:     3   Next: 91%
Magic:  3/3        EV: 12    Int:  9    God:
Gold:   48         SH:  0    Dex: 14    Spells: 2/2 levels left

rFire    . . .     SeeInvis .   k - +3 dagger (elec)
rCold    . . .     Faith    .   (no shield)
rNeg     . . .     Spirit   .   b - +0 leather armour
rPois    .         Reflect  .   (helmet restricted)
rElec    .         Harm     .   (no cloak)
rCorr    .         Rampage  .   (no gloves)
Will     .....                  (no boots)
Stlth    +.........             (no amulet)
HPRegen  0.09/turn              (no ring)
MPRegen  0.08/turn              (no ring)

@: mighty, hasted, very quick
A: horns 1, demonic magic 1
a: no special abilities


You were on level 2 of the Dungeon.
You visited 1 branch of the dungeon, and saw 2 of its levels.

You collected 70 gold pieces.
You spent 22 gold pieces at shops.

Inventory:

Hand Weapons
 a - a +0 trident
 f - a +2 dagger of venom
 k - a +3 dagger of electrocution (weapon)
Missiles
 d - 3 throwing nets (quivered)
Armour
 b - a +0 leather armour (worn)
 c - a +0 helmet
Wands
 h - a wand of polymorph (9)
Potions
 e - a potion of brilliance


   Skills:
 + Level 2.3 Fighting
 + Level 3.5 Polearms
 + Level 1.8 Throwing
 + Level 1.0 Armour
 + Level 3.1 Dodging


You had 2 spell levels left.
You didn't know any spells.
Your spell library contained the following spells:

 Spells                   Type           Power      Damage    Failure   Level
 Freeze                   Ice            0%         1d3       45%         1
 Shock                    Conj/Air       0%         1d3       45%         1
 Summon Small Mammal      Summ           0%         N/A       45%         1
 Slow                     Hex            0%         N/A       58%         2
 Call Canine Familiar     Summ           0%         N/A       83%         3
 Confusing Touch          Hex            0%         N/A       83%         3
 Frozen Ramparts          Ice            0%         1d2       83%         3
 Summon Guardian Golem    Hex/Summ       0%         N/A       83%         3
 Swiftness                Air            0%         N/A       83%         3
 Airstrike                Air            0%         N/A       99%         4
 Hailstorm                Conj/Ice       0%         3d3       99%         4
 Yara's Violent Unravell  Hex/Tmut       0%         3d3       100%        5


Dungeon Overview and Level Annotations

Branches:
Dungeon (2/15)

Altars:

Shops:
D:2 ?

Annotations:
D:2 Robin


Innate Abilities, Weirdness & Mutations

You have a pair of small horns on your head.
Spells you cast may paralyse adjacent enemies.


Message History

Robin throws the goblin at you! The goblin hits you with a +0 club.
* * * LOW HITPOINT WARNING * * *
You hear a shout!
You see here a +3 dagger of electrocution.
k - a +3 dagger of electrocution The goblin hits you but does no damage.
A hobgoblin comes into view.
Robin roars a battlecry!
The goblins go into a battle-frenzy!
You hear a shout!
Your +2 dagger of venom stops dripping with poison.
You hear the crackle of electricity.
k - a +3 dagger of electrocution (weapon)
You hear a shout!
The goblin hits you with a +0 club.
* * * LOW HITPOINT WARNING * * *
You hear a shout!
You closely miss the goblin. Your headbutt misses the goblin.
The goblin hits you but does no damage.
You hit the goblin.
You kill the goblin!
Robin throws the goblin at you!
* * * LOW HITPOINT WARNING * * *
The goblin hits you with a dagger.
* * * LOW HITPOINT WARNING * * *
Your Armour skill increases to level 1!
It was a potion of curing.
You feel better. Robin throws the goblin at you!
* * * LOW HITPOINT WARNING * * *
The goblin hits you but does no damage.
The hobgoblin hits you but does no damage.
The goblin barely misses you.
It was a potion of might.
You feel very mighty all of a sudden. The goblin closely misses you.
The hobgoblin hits you.
* * * LOW HITPOINT WARNING * * *
The goblin hits you but does no damage.
It was a potion of haste.
You feel yourself speed up.
A goblin comes into view. It is wielding a +0 dagger.
The goblin hits you with a +0 club.
You die...

≈≈≈≈## ###### ≈≈≈≈≈# #.....
≈≈≈≈≈### ###### #≈≈≈≈..#
#≈≈≈≈≈.### #≈≈≈≈≈.....
.#≈≈≈≈......
.#≈≈≈≈.####g.###### .#≈≈≈≈.#
#..gggg@g#### .#≈≈≈≈.#
#.######g...## .≈≈≈≈≈####.###
####..## #≈≈≈≈≈.......# ##..##
#≈≈≈≈........## ##..#
#≈≈≈≈.........## ##.#
≈≈≈≈≈..........##### #.####
≈≈≈≈≈......>.#.....## #....##
≈≈≈≈##.##....#####..######..##


You could see Robin, 3 hobgoblins and 3 goblins.

Vanquished Creatures
  An adder (D:2)
  A worm (D:2)
  2 dart slugs (D:2)
  A ball python (D:2)
  5 endoplasms
  2 giant cockroaches (D:1)
  6 goblins
  5 hobgoblins
  4 jackals (D:2)
  2 quokkas (D:1)
  6 bats
  4 frilled lizards
  A kobold (D:2)
  3 rats (D:1)
43 creatures vanquished.

Notes
Turn   | Place    | Note
-------+----------+-------------------------------------------
     0 | D:1      | lonewolfV2 the Demonspawn Gladiator began the quest for the
                  | Orb.
     0 | D:1      | Reached XP level 1. HP: 16/16 MP: 1/1
   233 | D:1      | Gained mutation: Spells you cast may paralyse adjacent
                  | enemies. [demonic ancestry]
   233 | D:1      | Reached XP level 2. HP: 19/22 MP: 2/2
  1237 | D:2      | Gained mutation: You have a pair of small horns on your
                  | head. [demonic ancestry]
  1237 | D:2      | Reached XP level 3. HP: 24/27 MP: 3/3
  1415 | D:2      | Found Anasych's Magic Scroll Emporium.
  1825 | D:2      | Bought a scroll of identify for 22 gold pieces
  1985 | D:2      | Noticed Robin
  1992 | D:2      | Reached skill level 1 in Armour
  1994 | D:2      | Slain by a goblin

Illustrated notes

Levels and vault maps discovered:
D:1:      dpeg_arrival_refuge, layout_loops_ring, roderic_serpentine_path
D:2:      wander_river, layout_rooms, serial_shops, shop,
          grunt_decor_mini_mirrors, uniq_robin

Skill      XL: |  1  2  3 |
---------------+----------+-----
Polearms       | 3 |  3.5
Dodging        | 3 |  3.1
Armour         | 1 |  1.0
Fighting       | |  2.3
Throwing       | |  1.8

Action                   || total
-------------------------++-------
Melee: Trident           ||    58
       Dagger            ||    62
       Headbutt          ||    12
  Use: Scroll            ||     4
       Potion            ||     3
Armor: Leather armour    ||    60
Dodge: Dodged            ||   103
